 Dungeon Crawl Stone Soup version 0.29.0-4-gdea44cf6ec (webtiles) character file.

Game seed: 12612558762577381132

261 qw the Ruffian (level 5, -19/50 HPs)
             Began as a Troll Cinder Acolyte on Aug 31, 2022.
             Was a High Priest of Ignis.
             Demolished by an ogre
             ... wielding a +0 giant club
              (29 damage)
             ... on level 4 of the Dungeon.
             The game lasted 00:01:24 (2925 turns).

qw the Ruffian (Troll Cinder Acolyte)               Turns: 2925, Time: 00:01:24

Health: -19/50     AC: 11    Str: 24    XL:     5   Next: 96%
Magic:  5/5        EV:  9    Int: 10    God:    Ignis [*****.]
Gold:   142        SH:  0    Dex:  5    Spells: 6/6 levels left

rFire   + + .      SeeInvis .     - Unarmed
rCold   . . .      Faith    .   (no shield)
rNeg    . . .      Spirit   .   a - +0 robe
rPois   +          Reflect  .   (helmet restricted)
rElec   .          Harm     .   (no cloak)
rCorr   .          Rampage  .   (gloves unavailable)
Will    .....                   (boots unavailable)
Stlth   +.........              d - amulet of the acrobat
HPRegen 0.96/turn               e - ring of poison resistance
MPRegen 0.09/turn               g - ring of protection from fire

@: fiery-armoured
A: large, unfitting armour, claws 3, regeneration 1, shaggy fur 1, tough skin 1
a: Renounce Religion, Fiery Armour, Foxfire Swarm, Rising Flame


You were on level 4 of the Dungeon.
You worshipped Ignis.
Ignis was extremely pleased with you.
You visited 1 branch of the dungeon, and saw 4 of its levels.

You collected 142 gold pieces.


Innate Abilities, Weirdness & Mutations

You are too large for most types of armour.
You have claws for hands.
Your natural rate of healing is unusually fast.
You are covered in fur. (AC +1)
You have tough skin. (AC +1)


   Skills:
 - Level 2.4 Fighting
 + Level 6.7 Unarmed Combat
 - Level 1.0 Spellcasting
 - Level 2.1 Fire Magic


You had 6 spell levels left.
You didn't know any spells.
Your spell library contained the following spells:

 Spells                   Type           Power      Damage    Failure   Level
 Scorch                   Fire           8%         2d5       22%         2

Inventory:

Armour
 a - a +0 robe (worn)
Jewellery
 d - an amulet of the acrobat (around neck)
 e - a ring of poison resistance (left claw)
 f - an amulet of guardian spirit
 g - a ring of protection from fire (right claw)
 h - a ring of poison resistance
Scrolls
 c - a scroll of identify
Potions
 b - a potion of curing
 k - a potion of brilliance {unknown}

Dungeon Overview and Level Annotations

Branches:
Dungeon (4/15)
 Temple: D:4-7

Altars:


Message History

Found a stone staircase leading down.
Enter note:
Enter note:
Enter note:
Found a stone staircase leading up.
A goblin comes into view. It is wielding a +0 dagger.
Found an inky potion.
You mangle the goblin!!
You kill the goblin!
You see here a +0 dagger.
Found a dagger.
An ogre comes into view. It is wielding a +0 giant club.
The ogre shouts!
A hobgoblin comes into view.
2916 ||| Stepping ~*~*~tactically~*~*~ (stealth).
A kobold comes into view. It is wielding a +0 club.
The kobold shouts!
2917 ||| Stepping ~*~*~tactically~*~*~ (stealth).
You scratch the ogre.
The ogre is moderately wounded.
A giant cockroach comes into view.
The ogre hits you with a +0 giant club!!
The hobgoblin shouts!
2919 ||| Stepping ~*~*~tactically~*~*~ (stealth).
2920 ||| FLEEEEING.
2921 ||| Stepping ~*~*~tactically~*~*~ (stealth).
The ogre attacks as you move away! The ogre misses you.
2922 ||| Stepping ~*~*~tactically~*~*~ (stealth).
The ogre attacks as you move away! The ogre hits you with a +0 giant club!
2923 ||| FLEEEEING.
2924 ||| INVOKING Fiery Armour.
A protective cloak of flame settles atop you.
The ogre hits you with a +0 giant club!
The ogre is burned by your cloak of flames.
The ogre is moderately wounded.
You claw the ogre!
The ogre is heavily wounded.
The ogre hits you with a +0 giant club!!
Ouch! That really hurt!
You die...

#.#####.#..# #.# <..
#.....#.#..####.###.....
#.###.#.#....##.........
#########.#.#....#..###....#
#.........#.#.....)........#
#.#########.##.....#####...#
#.# #.#......#### #.######
#.#.>.....).# #.##...#
#.#..@K.....#
#.##...####.#...Og....#
#...........#.......!.#
####...######.........#
#...# #####+#...# #...#
....# #...# #....# #...#
....... #...# .g.g.....


You could see an ogre, a hobgoblin and a kobold.

Vanquished Creatures
  An ogre (D:4)
  2 orc priests (D:3)
  4 adders (D:3)
  2 dart slugs
  10 orcs (D:3)
  3 endoplasms
  A giant cockroach (D:3)
  9 goblins
  4 hobgoblins
  5 jackals (D:3)
  2 kobolds (D:2)
  7 ball pythons
  5 bats
  11 frilled lizards
  A rat (D:3)
67 creatures vanquished.

Notes
Turn   | Place    | Note
-------+----------+-------------------------------------------
     0 | D:1      | qw the Troll Cinder Acolyte began the quest for the Orb.
     0 | D:1      | Reached XP level 1. HP: 22/22 MP: 1/1
     0 | D:1      | 0 ||| qw: Version: 0.1-a-97-g2dd2ca4
     0 | D:1      | 0 ||| qw: Game counter: 4658
     0 | D:1      | 0 ||| qw: Always use a shield: true
     0 | D:1      | 0 ||| qw: God list: Okawaru
     0 | D:1      | 0 ||| qw: Allow faded altars: false
     0 | D:1      | 0 ||| qw: Do Orc after D:15 true
     0 | D:1      | 0 ||| qw: Do second Lair branch before Depths: true
     0 | D:1      | 0 ||| qw: Lair rune preference: random
     0 | D:1      | 0 ||| qw: Plans: Normal
     0 | D:1      | 0 ||| PLANNING D:1-11
    84 | D:1      | 84 ||| Stepping ~*~*~tactically~*~*~ (hiding).
   368 | D:1      | Reached XP level 2. HP: 29/29 MP: 2/2
   482 | D:1      | Found a faded altar of an unknown god.
   613 | D:1      | 613 ||| Stepping ~*~*~tactically~*~*~ (stealth).
   618 | D:1      | 618 ||| Stepping ~*~*~tactically~*~*~ (stealth).
  1255 | D:1      | 1255 ||| UPGRADING to amulet of the acrobat.
  1260 | D:1      | 1260 ||| UPGRADING to ring of poison resistance.
  1261 | D:1      | 1261 ||| READING scroll labelled BOV LAVIYRR.
  1262 | D:1      | 1262 ||| READING scroll labelled QABROI HUECAWYFF.
  1428 | D:2      | 1428 ||| Stepping ~*~*~tactically~*~*~ (stealth).
  1430 | D:2      | 1430 ||| Stepping ~*~*~tactically~*~*~ (stealth).
  1432 | D:2      | 1432 ||| Stepping ~*~*~tactically~*~*~ (stealth).
  1434 | D:2      | Reached skill level 4 in Unarmed Combat
  1434 | D:2      | 1434 ||| Stepping ~*~*~tactically~*~*~ (outnumbered).
  1435 | D:2      | 1435 ||| Stepping ~*~*~tactically~*~*~ (outnumbered).
  1436 | D:2      | 1436 ||| Stepping ~*~*~tactically~*~*~ (outnumbered).
  1464 | D:2      | 1464 ||| Stepping ~*~*~tactically~*~*~ (stealth).
  1547 | D:2      | Reached XP level 3. HP: 36/36 MP: 3/3
  1767 | D:2      | 1767 ||| Stepping ~*~*~tactically~*~*~ (stealth).
  2004 | D:2      | 2004 ||| UPGRADING to ring of protection from fire.
  2005 | D:2      | 2005 ||| DROPPING +6 ring of intelligence.
  2006 | D:2      | 2006 ||| READING scroll labelled PUKACU CARUIXE.
  2007 | D:2      | 2007 ||| READING scroll labelled BEGOSCHA FEALIM.
  2125 | D:3      | Reached XP level 4. HP: 42/44 MP: 4/4
  2158 | D:3      | Identified the +9 war axe "Newtbane" {drain, Str+3 Int+2
                  | Dex-2}
  2203 | D:3      | 2203 ||| Stepping ~*~*~tactically~*~*~ (stealth).
  2207 | D:3      | 2207 ||| Stepping ~*~*~tactically~*~*~ (outnumbered).
  2210 | D:3      | Reached skill level 5 in Unarmed Combat
  2212 | D:3      | 2212 ||| INVOKING Fiery Armour.
  2371 | D:3      | 2371 ||| Stepping ~*~*~tactically~*~*~ (hiding).
  2382 | D:3      | Reached XP level 5. HP: 44/50 MP: 5/5
  2382 | D:3      | 2382 ||| Stepping ~*~*~tactically~*~*~ (outnumbered).
  2435 | D:3      | 2435 ||| Stepping ~*~*~tactically~*~*~ (stealth).
  2442 | D:3      | 2442 ||| Stepping ~*~*~tactically~*~*~ (outnumbered).
  2447 | D:3      | Reached skill level 6 in Unarmed Combat
  2792 | D:3      | 2792 ||| READING scroll labelled OTEDEESAOGU.
  2793 | D:3      | 2793 ||| DRINKING 2 emerald potions.
  2794 | D:3      | 2794 ||| READING 2 scrolls of identify.
  2794 | D:3      | 2794 ||| IDENTIFYING orange potion
  2795 | D:3      | 2795 ||| DROPPING potion of berserk rage.
  2814 | D:4      | Noticed an ogre
  2822 | D:4      | Killed an ogre
  2914 | D:4      | Noticed an ogre
  2916 | D:4      | 2916 ||| Stepping ~*~*~tactically~*~*~ (stealth).
  2917 | D:4      | 2917 ||| Stepping ~*~*~tactically~*~*~ (stealth).
  2919 | D:4      | 2919 ||| Stepping ~*~*~tactically~*~*~ (stealth).
  2920 | D:4      | 2920 ||| FLEEEEING.
  2921 | D:4      | 2921 ||| Stepping ~*~*~tactically~*~*~ (stealth).
  2922 | D:4      | 2922 ||| Stepping ~*~*~tactically~*~*~ (stealth).
  2923 | D:4      | 2923 ||| FLEEEEING.
  2924 | D:4      | 2924 ||| INVOKING Fiery Armour.
  2924 | D:4      | HP: 9/50 [ogre/+0 giant club (16)]
  2925 | D:4      | Demolished by an ogre

Levels and vault maps discovered:
D:1:      nagdon_arrival_double_spiral, layout_loops_corners,
          ebering_ecumenical_altar_mist, serial_forest,
          infiniplex_forest_straight_3, infiniplex_forest_clump_small,
          infiniplex_forest_lined_2, infiniplex_forest_lined_room_3,
          infiniplex_forest_end_3, infiniplex_forest_end_2,
          infiniplex_forest_clump_small, infiniplex_forest_lined_room_2,
          minmay_lizard_pond
D:2:      layout_loops_ring, minmay_bisected
D:3:      layout_loops_ring
D:4:      layout_basic, old_standard_altar, grunt_temple_overflow_bloody_war,
          dk_noncrumbling_4, st_stairs_12, hangedman_decor_lopped

Skill      XL: |  1  2  3  4  5 |
---------------+----------------+-----
Unarmed Combat | 4 5 6 |  6.7
Fighting       | |  2.4
Spellcasting   | |  1.0
Fire Magic     | |  2.1

Action                   |  1- 3 |  4- 6 || total
-------------------------+-------+-------++-------
Melee: Unarmed           |   117 |    74 ||   191
       Punch             |       |     3 ||     3
Invok: Fiery Armour      |       |     2 ||     2
  Use: Scroll            |     4 |     2 ||     6
       Potion            |       |     1 ||     1
Armor: Robe              |    27 |    18 ||    45
Dodge: Dodged            |    61 |    32 ||    93

Table legend:
 A = Non-vault XP
 B = Vault XP
 C = Vault XP percentage of total XP
 D = Non-vault monster count
 E = Vault monster count
 F = Vault count percentage of total count
                 A         B        C        D         E       F
            +---------+---------+-------+---------+---------+-------
      Total |     245 |     128 |  34.3 |      58 |       9 |  13.4
            +---------+---------+-------+---------+---------+-------
        D:1 |      20 |       6 |  23.1 |      11 |       6 |  35.3
        D:2 |      26 |       4 |  13.3 |      15 |       2 |  11.8
        D:3 |     197 |       0 |   0.0 |      31 |       0 |   0.0
        D:4 |       2 |     118 |  98.3 |       1 |       1 |  50.0
            +---------+---------+-------+---------+---------+-------
